 Dungeon Crawl Stone Soup version 0.28.0-47-ge53b351184 (webtiles) character file.

Game seed: 6748547390508227995

618 Revguard the Chopper (level 7, -2/60 HPs)
             Began as a Hill Orc Fighter on May 6, 2022.
             Slain by a wyvern zombie (10 damage)
             ... on level 5 of the Dungeon.
             The game lasted 00:08:20 (5158 turns).

Revguard the Chopper (Hill Orc Fighter)             Turns: 5158, Time: 00:08:21

Health: -2/60      AC:  7    Str: 21    XL:     7   Next: 45%
Magic:  9/9        EV: 10    Int:  8    God:
Gold:   272        SH:  4    Dex: 10    Spells: 6/6 levels left

rFire   . . .      SeeInvis .   a - +0 war axe
rCold   . . .      Faith    .   c - +0 buckler
rNeg    . . .      Spirit   .   b - +0 scale mail
rPois   .          Reflect  .   (no helmet)
rElec   .          Harm     .   (no cloak)
rCorr   .          Rampage  .   (no gloves)
Will    .....                   (no boots)
Stlth   ..........              (no amulet)
HPRegen 0.20/turn               (no ring)
MPRegen 0.11/turn               (no ring)

@: no status effects
A: no striking features
a: no special abilities


You were on level 5 of the Dungeon.
You visited 1 branch of the dungeon, and saw 5 of its levels.

You collected 272 gold pieces.

Inventory:

Hand Weapons
 a - a +0 war axe (weapon)
Armour
 b - a +0 scale mail (worn)
 c - a +0 buckler (worn)
Jewellery
 g - a ring of magical power
 j - an amulet of faith
Wands
 k - a wand of mindburst (9)
 l - a wand of paralysis (6)
Scrolls
 e - a scroll of enchant armour
 f - a scroll of summoning
 h - a scroll of teleportation
 q - 2 scrolls of silence
Potions
 d - a potion of might
 i - a potion of brilliance
 m - 2 potions of curing
 o - a potion of heal wounds


   Skills:
 + Level 4.8 Fighting
 * Level 5.8 Axes
 + Level 4.4 Armour
 + Level 1.8 Dodging
 + Level 4.4 Shields
 + Level 3.1 Invocations
 + Level 2.6 Evocations


You had 6 spell levels left.
You didn't know any spells.
Your spell library contained the following spells:

 Spells                   Type           Power      Damage    Failure   Level
 Blink                    Tloc           0%         N/A       92%         2
 Manifold Assault         Tloc           0%         N/A       100%        5
 Storm Form               Tmut/Air       0%         N/A       100%        7


Dungeon Overview and Level Annotations

Branches:
Dungeon (5/15)
 Temple: D:4-7

Altars:
Hepliaklqana
Qazlal
The Shining One

Shops:
D:3 (   D:4 (

Annotations:
D:3 1 runed translucent door


Message History

(D) Dungeon
Where to? (Enter - D:4, ? - help)
Your hearing returns.
There is a stone staircase leading down here.
You climb downwards.
There is a stone staircase leading up here.
A wyvern zombie comes into view.
Found 23 stones.
The wyvern zombie bites you. x2
You hit the wyvern zombie but do no damage.
You block the wyvern zombie's attack.
You barely miss the wyvern zombie. The wyvern zombie bites you.
The wyvern zombie bites you but does no damage.
You hit the wyvern zombie.
The wyvern zombie is lightly damaged.
The wyvern zombie bites you. x2
You barely miss the wyvern zombie.
The wyvern zombie is lightly damaged.
The wyvern zombie misses you. The wyvern zombie bites you.
You slash the wyvern zombie!
The wyvern zombie is moderately damaged.
You block the wyvern zombie's attack.
You hit the wyvern zombie.
The wyvern zombie is moderately damaged.
The wyvern zombie bites you! x2
You barely miss the wyvern zombie.
The wyvern zombie is moderately damaged.
The wyvern zombie barely misses you.
You slash the wyvern zombie!
The wyvern zombie is heavily damaged.
The wyvern zombie barely misses you. The wyvern zombie bites you.
You hit the wyvern zombie.
The wyvern zombie is severely damaged.
The wyvern zombie bites you!
* * * LOW HITPOINT WARNING * * *
The wyvern zombie misses you.
You barely miss the wyvern zombie.
The wyvern zombie is severely damaged.
The wyvern zombie bites you!
You die...

### ..#
#.# #.#
#.# #<#
#.#
###.####.#
..(...Z@.#
###.######


You could see a wyvern zombie.

Vanquished Creatures
  The ghost of kalagan the Ducker, an amateur DjFE (D:3)
  A black bear (D:4)
  An ogre (D:4)
  A bullfrog (D:3)
  A scorpion (D:4)
  A jelly (D:4)
  3 adders
  2 worms (D:3)
  A dart slug (D:2)
  An orc (D:3)
  10 ball pythons
  4 endoplasms
  2 giant cockroaches (D:4)
  7 hobgoblins
  14 jackals
  A quokka (D:4)
  5 bats
  2 frilled lizards (D:1)
  9 kobolds
  6 rats
73 creatures vanquished.

Notes
Turn   | Place    | Note
-------+----------+-------------------------------------------
     0 | D:1      | Revguard the Hill Orc Fighter began the quest for the Orb.
     0 | D:1      | Reached XP level 1. HP: 19/19 MP: 1/1
   118 | D:1      | Reached skill level 3 in Axes
   118 | D:1      | Reached XP level 2. HP: 27/27 MP: 2/2
   739 | D:1      | Reached XP level 3. HP: 33/33 MP: 3/3
  1462 | D:2      | Found a faded altar of an unknown god.
  1793 | D:2      | Reached skill level 1 in Invocations
  2146 | D:2      | Reached skill level 1 in Evocations
  2204 | D:3      | Reached XP level 4. HP: 40/40 MP: 4/4
  2215 | D:3      | Found Nontiw's Weapon Emporium.
  2365 | D:3      | Found a runed translucent door.
  2365 | D:3      | Noticed a bullfrog
  2366 | D:3      | Noticed kalagan's ghost (amateur DjFE)
  2638 | D:3      | Found a runed translucent door.
  3423 | D:3      | Killed a bullfrog
  3424 | D:3      | Reached skill level 4 in Axes
  3424 | D:3      | Reached XP level 5. HP: 46/46 MP: 4/6
  3441 | D:3      | Killed kalagan's ghost
  3442 | D:3      | Reached skill level 5 in Axes
  3442 | D:3      | Reached skill level 1 in Dodging
  3442 | D:3      | Reached XP level 6. HP: 18/53 MP: 7/7
  3990 | D:4      | Found a glowing golden altar of the Shining One.
  4003 | D:4      | Identified the +1 leather armour of Vigrau Myck {Dex+4}
  4107 | D:4      | Reached XP level 7. HP: 13/60 MP: 7/9
  4797 | D:4      | Found Gapnaiw's Antique Weapon Boutique.
  4968 | D:4      | Found a stormy altar of Qazlal.
  5060 | D:4      | Found a hazy altar of Hepliaklqana.
  5144 | D:5      | Entered Level 5 of the Dungeon
  5158 | D:5      | Slain by a wyvern zombie

Illustrated notes

Levels and vault maps discovered:
D:1:      dpeg_arrival_short_road, layout_basic, minmay_heptomino_d4
D:2:      layout_loops_ring, ebering_ecumenical_altar_rust
D:3:      layout_basic, ebering_ghost_sewer_f, serial_shops, shop
D:4:      layout_cave_pods, nzn_hepliaklqana_mist_gate, lemuel_doored_altar,
          general_overflow_altar, serial_shops, kennysheep_little_box
D:5:      layout_loops_ring, gammafunk_ghost_gnarly_gnolls

Skill      XL: |  1  2  3  4  5  6  7 |
---------------+----------------------+-----
Axes           | 3 4 5 |  5.8
Invocations    | 1 2 3 |  3.1
Evocations     | 1 2 |  2.6
Fighting       | 4 |  4.8
Armour         | 4 |  4.4
Dodging        | 1 |  1.8
Shields        | 4 |  4.4

Action                   |  1- 3 |  4- 6 |  7- 9 || total
-------------------------+-------+-------+-------++-------
Melee: War axe           |   130 |    78 |    35 ||   243
Evoke: Wand              |       |     6 |       ||     6
  Use: Scroll            |     5 |       |     3 ||     8
       Potion            |       |     2 |     1 ||     3
 Stab: Paralysed         |       |     4 |       ||     4
Armor: Scale mail        |    86 |    34 |    17 ||   137
Dodge: Dodged            |    72 |    42 |    23 ||   137
Block: Buckler           |    50 |     9 |    16 ||    75
